 Dungeon Sprint DCSS version 0.30-a0-469-g84de5afbc5 (webtiles) character file.

Game seed: 3269223390983982948

3300000 NinjaNoafa the Intangible (level 21, -65/187 HPs)
             Began as a Djinni Warper on Dec 19, 2022.
             Was the Champion of Makhleb.
             Annihilated by a destroyer
             ... wielding a +9 vorpal great sword
              (170 damage)
             ... in the Dungeon (Sprint VIII: "Arena of Blood").
             The game lasted 00:00:46 (33 turns).

NinjaNoafa the Intangible (Djinni Warper)             Turns: 33, Time: 00:00:47

Health: -65/187    AC:  6    Str: 10    XL:     21   Next: 34%
Gold:   0          EV: 33    Int: 17    God:    Makhleb [******] SH:  0 Dex: 22

rFire   + + .      SeeInvis .    i - +∞ Axe of Woe
rCold   x . .      Faith    .    (shield currently unavailable)
rNeg    . . .      Spirit   .    b - +0 leather armour
rPois   ∞          Reflect  .    (no helmet)
rElec   .          Harm     .    (no cloak)
rCorr   .          Rampage  .    (no gloves)
Will    ++...      NoTele   +    (boots unavailable)
Stlth   ++........               (no amulet)
HPRegen 0.51/turn                (no ring)
MPRegen 0.00/turn                (no ring)

@: flying
A: sickness immunity, fire resistance 2, cold vulnerability 1, float, innate
caster, HP casting, extra vitality 1
a: Renounce Religion, Minor Destruction, Lesser Servant of Makhleb, Major
Destruction, Greater Servant of Makhleb


You were in the Dungeon.
You worshipped Makhleb.
Makhleb was exalted by your worship.
You visited 1 branch

Inventory:

Hand Weapons
 a - a +0 hand axe
 i - the +∞ Axe of Woe (weapon)
   (You found it in the Dungeon)
Missiles
 d - 7 boomerangs of dispersal (quivered)
Armour
 b - a +0 leather armour (worn)
Scrolls
 c - 2 scrolls of blinking
Potions
 e - a potion of curing
 f - a potion of heal wounds
 g - a potion of haste
 h - a potion of berserk rage


   Skills:
 O Level 27 Fighting
 O Level 27 Axes
 O Level 27 Throwing
 O Level 27 Armour
 O Level 27 Dodging
 + Level 26.5 Spellcasting


You had 12 spell levels left.
You knew the following spells:

 Your Spells              Type           Power      Damage    Failure   Level
a - Blink                 Tloc           100%       N/A       0%          2
b - Lesser Beckoning      Tloc           100%       N/A       0%          3
c - Vhi's Electric Charg  Tloc/Air       100%       N/A       0%          3
d - Teleport Other        Tloc           85%        N/A       0%          3
e - Manifold Assault      Tloc           85%        N/A       0%          4
f - Foxfire               Conj/Fire      100%       2x1d9     0%          1
g - Passwall              Tmut/Erth      70%        N/A       0%          2
h - Spider Form           Tmut/Pois      85%        N/A       0%          3
i - Frozen Ramparts       Ice            100%       1d16      0%          3
j - Iskenderun's Mystic   Conj/Tloc      85%        2d17      0%          4
k - Lee's Rapid Deconstr  Erth           42%        3d21*     0%          5
l - Starburst             Conj/Fire      42%        6d12      0%          6
m - Haunt                 Necr/Summ      42%        N/A       1%          7
n - Spellforged Servitor  Conj/Summ      42%        N/A       1%          7
o - Disjunction           Tloc           42%        N/A       1%          8
Your spell library was empty.

Dungeon Overview and Level Annotations

Branches:
Dungeon (1/1)

Altars:
Makhleb


Innate Abilities, Weirdness & Mutations

You are immune to sickness and miasma.
You are immune to poison.
Your flesh is very heat resistant. (rF++)
You are vulnerable to cold. (rC-)
You float through the air rather than walking.
You learn spells naturally, not from books.
Your magical power is your life essence.
You have superior vitality. (+4 MHP)


Message History

Makhleb accepts your kill.
You feel better.
You are engulfed in blazing flames.
You resist.
The eight-headed meat hydra calls on the powers of darkness!
The eight-headed meat hydra convulses!
The meat berserker convulses! x2
Your body is wracked with pain!
* * * LOW HITPOINT WARNING * * *
The bag of meat convulses! x5
You dice the meat berserker like an onion!!!
You dissect the meat berserker like a pig carcass.
You kill the meat berserker!
Makhleb accepts your kill.
You feel better.
You are engulfed in blazing flames.
You resist.
Your wraith disappears in a puff of smoke!
The destroyer is engulfed in blazing flames.
The destroyer casts a spell at you.
The destroyer blinks!
You hear a shout! x4
You have mastered Axes!
You have mastered Throwing!
Your Spellcasting skill increases to level 25!
You slash the bag of meat!
You slaughter the bag of meat joyfully.
You kill the bag of meat!
Makhleb accepts your kill.
You feel better.
You are engulfed in blazing flames.
You resist.
A meat berserker comes into view. It is wielding a +9 battleaxe.
You hear a shout! x7
You slash the bag of meat!
You butcher the bag of meat messily.
You kill the bag of meat!
Makhleb accepts your kill.
You feel better.
The destroyer appears out of thin air!
A destroyer comes into view. It is wielding a +9 vorpal great sword.
You are engulfed in blazing flames.
You resist.
The destroyer shouts!
You hear a shout! x3
Your Spellcasting skill increases to level 26!
A bag of meat comes into view. It is wielding a +9 war axe.
The sculptor of flesh appears out of thin air!
A sculptor of flesh comes into view. It is wielding a +9 great sword.
The bag of meat shouts!
You hear a shout! x3
The destroyer hits you with a +9 vorpal great sword!!!!!
Ouch! That really hurt!
You die...

#.. ...# ....
.###.. ...###.....
......###o.........
......._......o....
....#..)..#..oo...#
. #_O<)V#o.......
..#.))§§#§§....#z
......V§)§☼VOD....
......###§§@......#
.###.....o.###.....
#.......# ....
#.......# ..
...o.....
..........
..o....... .......


You could see an eight-headed meat hydra, 3 destroyers, a sculptor of flesh
(wandering), 2 meat berserkers and 7 bags of meat.

Vanquished Creatures
  2 vampire knights (D)
  9 ogres (D)
  2 two-headed ogres (D)
  21 orcs (D)
34 creatures vanquished.

Notes
Turn   | Place    | Note
-------+----------+-------------------------------------------
     0 | D        | Found the +∞ Axe of Woe
     0 | D        | NinjaNoafa the Djinni Warper began the quest for the Orb.
     0 | D        | NinjaNoafa set off with the following spells memorised:
                  | Blink, Lesser Beckoning, Vhi's Electric Charge, Teleport
                  | Other, Manifold Assault.
     0 | D        | Reached XP level 1. HP: 18/18 MP: 0/0
     2 | D        | Became a worshipper of Makhleb the Destroyer
     3 | D        | Noticed a bag of meat
     3 | D        | Noticed a bag of meat
     3 | D        | Noticed a bag of meat
     4 | D        | Noticed a bag of meat
     4 | D        | Noticed a bag of meat
     4 | D        | Noticed a bag of meat
     5 | D        | Noticed a bag of meat
     5 | D        | Noticed a bag of meat
     7 | D        | Killed a bag of meat
     7 | D        | Noticed a bag of meat
     8 | D        | Reached XP level 2. HP: 37/37 MP: 0/0
     8 | D        | Reached XP level 3. HP: 42/42 MP: 0/0
     8 | D        | Learned a level 1 spell: Foxfire
     8 | D        | Reached XP level 4. HP: 49/49 MP: 0/0
     8 | D        | Reached XP level 5. HP: 54/54 MP: 0/0
     8 | D        | Learned a level 2 spell: Passwall
     8 | D        | Reached XP level 6. HP: 59/59 MP: 0/0
     8 | D        | Reached XP level 7. HP: 65/65 MP: 0/0
     8 | D        | Learned a level 3 spell: Spider Form
     8 | D        | Reached XP level 8. HP: 71/71 MP: 0/0
     8 | D        | Reached XP level 9. HP: 76/76 MP: 0/0
     8 | D        | Learned a level 3 spell: Frozen Ramparts
     8 | D        | Reached XP level 10. HP: 83/83 MP: 0/0
     8 | D        | Reached XP level 11. HP: 87/87 MP: 0/0
     8 | D        | Learned a level 4 spell: Iskenderun's Mystic Blast
     8 | D        | Noticed a meat berserker
     8 | D        | Noticed a bag of meat
     9 | D        | Noticed a bag of meat
    10 | D        | Noticed a bag of meat
    11 | D        | Killed a bag of meat
    11 | D        | Reached * piety under Makhleb
    11 | D        | Killed a bag of meat
    11 | D        | Noticed a bag of meat
    11 | D        | Noticed a bag of meat
    12 | D        | Reached skill level 15 in Dodging
    12 | D        | Reached skill level 10 in Spellcasting
    12 | D        | Reached XP level 12. HP: 87/99 MP: 0/0
    12 | D        | Reached XP level 13. HP: 92/104 MP: 0/0
    12 | D        | Learned a level 5 spell: Lee's Rapid Deconstruction
    12 | D        | Killed a bag of meat
    12 | D        | Killed a bag of meat
    12 | D        | Reached ** piety under Makhleb
    12 | D        | Killed a bag of meat
    13 | D        | Reached XP level 14. HP: 25/116 MP: 0/0
    13 | D        | Killed a meat berserker
    13 | D        | Killed a bag of meat
    13 | D        | Reached *** piety under Makhleb
    13 | D        | Killed a bag of meat
    14 | D        | Reached skill level 15 in Axes
    14 | D        | Reached skill level 15 in Throwing
    14 | D        | Reached XP level 15. HP: 89/126 MP: 0/0
    14 | D        | Learned a level 6 spell: Starburst
    15 | D        | Reached skill level 15 in Spellcasting
    15 | D        | Reached XP level 16. HP: 97/135 MP: 0/0
    15 | D        | Reached **** piety under Makhleb
    17 | D        | Noticed a meat berserker
    18 | D        | Reached XP level 17. HP: 145/145 MP: 0/0
    18 | D        | Learned a level 7 spell: Haunt
    18 | D        | Noticed a meat berserker
    18 | D        | Noticed a destroyer
    18 | D        | Noticed a meat berserker
    19 | D        | Noticed a destroyer
    19 | D        | Noticed a meat berserker
    19 | D        | Noticed a meat berserker
    20 | D        | Noticed a large bag of meat
    20 | D        | Noticed a meat berserker
    21 | D        | Killed a destroyer
    21 | D        | Reached ***** piety under Makhleb
    21 | D        | Killed a meat berserker
    21 | D        | Killed a destroyer
    21 | D        | Killed a meat berserker
    21 | D        | Noticed a meat berserker
    22 | D        | Reached XP level 18. HP: 96/159 MP: 0/0
    22 | D        | Noticed a large bag of meat
    23 | D        | Killed a meat berserker
    24 | D        | Reached XP level 19. HP: 134/167 MP: 0/0
    24 | D        | Learned a level 7 spell: Spellforged Servitor
    24 | D        | Noticed a destroyer
    25 | D        | Killed a meat berserker
    25 | D        | Killed a meat berserker
    25 | D        | Reached ****** piety under Makhleb
    26 | D        | Reached skill level 27 in Dodging
    26 | D        | Killed a meat berserker
    26 | D        | Killed a meat berserker
    26 | D        | Noticed an eight-headed meat hydra
    27 | D        | Reached skill level 27 in Fighting
    27 | D        | Reached skill level 27 in Armour
    27 | D        | Reached XP level 20. HP: 181/181 MP: 0/0
    27 | D        | Killed a large bag of meat
    27 | D        | Noticed a destroyer
    27 | D        | Noticed a meat berserker
    28 | D        | Killed a large bag of meat
    28 | D        | Noticed a meat berserker
    29 | D        | Reached XP level 21. HP: 87/187 MP: 0/0
    29 | D        | Learned a level 8 spell: Disjunction
    30 | D        | Killed a meat berserker
    31 | D        | Reached skill level 27 in Axes
    31 | D        | Reached skill level 27 in Throwing
    31 | D        | Noticed a meat berserker
    32 | D        | Noticed a destroyer
    33 | D        | Annihilated by a destroyer

Illustrated notes

Levels and vault maps discovered:
D:        meatsprint

Skill      XL: |  1  2  3  4  5  6  7  8  9 10 11 12 13 14 15 16 17 18 19 20 21 |
---------------+----------------------------------------------------------------+-----
Fighting       | 11 13 16 18 19 20 23 24 27 | 27.0
Axes           | 9 11 13 15 16 17 20 21 24 26 27 | 27.0
Throwing       | 9 11 13 15 16 17 20 24 26 27 | 27.0
Armour         | 11 13 16 18 19 20 23 24 27 | 27.0
Dodging        | 12 15 17 19 20 22 25 26 27 | 27.0
Spellcasting   | 8 10 12 14 15 16 19 22 24 26 | 26.5

Action                   |  1- 3 |  4- 6 |  7- 9 | 10-12 | 13-15 | 16-18 | 19-21 || total
-------------------------+-------+-------+-------+-------+-------+-------+-------++-------
Melee: Executioner's axe |     1 |       |       |     1 |     3 |     4 |     8 ||    17
 Cast: Starburst         |       |       |       |       |       |     1 |       ||     1
       Lee's Rapid Decon |       |       |       |       |       |     1 |       ||     1
       Haunt             |       |       |       |       |       |       |     1 ||     1
Dodge: Dodged            |       |       |       |     2 |       |     1 |       ||     3

Table legend: (Time is in decaauts)
 A = Elapsed time spent in this place.
 B = Non-inter-level travel time spent in this place.
 C = Inter-level travel time spent in this place.
 D = Time resting spent in this place.
 E = Time spent auto-exploring this place.
 F = Levels seen in this place.
 G = Mean time per level.
                   A        B        C        D        E       F      G
               +--------+--------+--------+--------+--------+-----+--------+
         Total |     31 |     31 |      0 |      0 |      0 |   1 |   31.0 |
       Dungeon |     31 |     31 |      0 |      0 |      0 |   1 |   31.0 |
               +--------+--------+--------+--------+--------+-----+--------+

Top non-repeatable levels by time:
       D: 31 daAuts
